 Dungeon Crawl Stone Soup version 0.26.1-2-gb8aa6d0cf2 (webtiles) character file.

Game seed: 1038404293571349450

1814 skwiii the Fighter (level 8, 0/75 HPs)
             Began as a Minotaur Abyssal Knight on Feb 21, 2021.
             Was a Believer of Lugonu.
             Succumbed to a killer bee's poison
             ... on level 7 of the Dungeon.
             The game lasted 00:13:45 (8394 turns).

skwiii the Fighter (Minotaur Abyssal Knight)        Turns: 8394, Time: 00:13:45

Health: 0/75       AC: 10    Str: 20    XL:     8   Next: 84%
Magic:  8/10       EV: 11    Int:  9    God:    Lugonu [**....]
Gold:   330        SH:  0    Dex:  9    Spells: 7/7 levels left

rFire    . . .     SeeInvis .   a - +2 hand axe
rCold    . . .     Faith    .   (no shield)
rNeg     . . .     Spirit   .   g - +0 scale mail
rPois    .         Reflect  .   (helmet restricted)
rElec    .         Harm     .   (no cloak)
rCorr    .         Rampage  .   q - +2 pair of gloves
Will     .....                  (no boots)
Stlth    ..........             (no amulet)
HPRegen  0.22/turn              (no ring)
MPRegen  0.12/turn              (no ring)

@: lethally poisoned (0 -> -22)
A: retaliatory headbutt, horns 2
a: Renounce Religion, Depart the Abyss, Bend Space


You were on level 7 of the Dungeon.
You worshipped Lugonu.
Lugonu was pleased with you.
You visited 1 branch of the dungeon, and saw 8 of its levels.
You visited the Abyss 1 time.

You collected 363 gold pieces.
You spent 33 gold pieces at shops.

Inventory:

Hand Weapons
 a - a +2 hand axe (weapon)
 k - a cursed +0 battleaxe
 u - a +0 scythe
 M - a +4 hand axe
 N - a +5 dire flail
Armour
 b - a +0 leather armour
 g - a +0 scale mail (worn)
 i - a +0 ring mail
 o - a +0 ring mail
 q - a +2 pair of gloves (worn)
 v - a +0 buckler
 y - a +0 pair of gloves
 A - a +0 pair of boots
 D - a +0 scale mail
Jewellery
 d - an uncursed ring of protection from fire {unknown}
 p - an uncursed ring of poison resistance {unknown}
 r - an uncursed ring of positive energy {unknown}
 w - a +4 ring of protection {unknown}
 x - an uncursed ring of poison resistance {unknown}
 E - a +6 ring of dexterity {unknown}
 H - an uncursed amulet of the acrobat {unknown}
Wands
 I - a wand of digging (8)
 J - a wand of flame (3)
Scrolls
 c - 2 scrolls of enchant weapon
 e - 2 scrolls of teleportation
 f - 4 scrolls of identify
 j - a scroll of random uselessness {unknown}
 l - a scroll of amnesia {unknown}
 m - 3 scrolls of remove curse
 s - 2 scrolls of magic mapping {unknown}
 C - 2 scrolls of blinking {unknown}
 F - a scroll of enchant armour
Potions
 h - 2 potions of curing
 n - a potion of resistance {unknown}
 t - 2 potions of mutation {unknown}
 z - a potion of attraction {unknown}
 B - a potion of degeneration {unknown}
 G - 2 potions of haste
 K - 2 potions of brilliance {unknown}
 L - a potion of magic {unknown}


   Skills:
 * Level 8.3 Fighting
 * Level 7.7 Axes
 + Level 5.6 Armour
 + Level 4.7 Dodging
 + Level 4.4 Invocations


You had 7 spell levels left.
You didn't know any spells.
Your spell library was empty.

Dungeon Overview and Level Annotations

Branches:
Dungeon (8/15)             Temple (0/1) D:6
   Lair: D:8-11

Altars:
Ashenzari
Dithmenos
Fedhas
Gozag
Hepliaklqana
Kikubaaqudgha
Makhleb
Nemelex Xobeh
Wu Jian

Shops:
D:4 :([   D:6 ?

Annotations:
D:5 Ijyb
D:7 1 runed translucent door, Twinkles's ghost, novice VSTm


Innate Abilities, Weirdness & Mutations

You reflexively headbutt those who attack you in melee.
You have a pair of horns on your head.


Message History

Unknown command.
Unknown command.
Unknown command.
Really wield
k - a cursed +0 battleaxe? [Y]es or [N]o only, please.
Really wield
k - a cursed +0 battleaxe? [Y]es or [N]o only, please.
Really wield
k - a cursed +0 battleaxe? [Y]es or [N]o only, please.
Really wield
k - a cursed +0 battleaxe? [Y]es or [N]o only, please.
Really wield
k - a cursed +0 battleaxe? [Y]es or [N]o only, please.
Really wield
k - a cursed +0 battleaxe? [Y]es or [N]o only, please.
Really wield
k - a cursed +0 battleaxe? [Y]es or [N]o only, please.
Really wield
k - a cursed +0 battleaxe?
Okay, then.
You die...

#......#.# #.##...
#...############)....<
#.###...###.....###...
####....#§###...# #.##
#§#....#§§###..# #.##
§§#_.._#§§# ##.###.##
§§#.yy§#R####..#.....
#W#.§y.###.#.....#.##
####@y##.........#...
#...#####.......#..
#.### #..........#
##.######......(....
#......##...........
#....#..##.......#.#
#...y)..###........#
##.##.#.####...#####
#.##>........## #


You could see an ancestor, a shadow and 4 killer bees.

Vanquished Creatures
  Sigmund (D:3)
  Eustachio (D:5)
  2 ice beasts
  A black bear (D:7)
  A centaur (D:5)
  2 ogres (D:7)
  2 scorpions
  A killer bee (D:7)
  4 wights (D:7)
  A howler monkey (D:6)
  A bullfrog zombie (D:6)
  3 hounds
  2 orc wizards
  A jelly (D:5)
  A bullfrog skeleton (D:5)
  2 centaur skeletons
  An orc priest (D:3)
  2 iguanas
  4 worker ants
  8 adders
  2 shadow imps
  An ooze (D:3)
  6 adder skeletons
  A worm (D:2)
  2 dart slugs
  2 leopard geckos
  13 orcs
  4 bats
  4 giant cockroaches
  5 goblins
  8 hobgoblins
  3 jackals (D:2)
  2 quokkas
  2 ball pythons
  A frilled lizard (D:2)
  2 jackal skeletons
  6 kobolds
  A quokka skeleton (D:4)
  5 rats
111 creatures vanquished.

Notes
Turn   | Place    | Note
-------+----------+-------------------------------------------
     0 | Abyss:1  | skwiii the Minotaur Abyssal Knight began the quest for the
                  | Orb.
     0 | Abyss:1  | Reached XP level 1. HP: 19/19 MP: 1/1
     0 | D:1      | Escaped the Abyss
   569 | D:1      | Reached XP level 2. HP: 19/27 MP: 2/2
   897 | D:1      | Reached skill level 4 in Fighting
  1377 | D:2      | Reached * piety under Lugonu
  1379 | D:2      | Reached XP level 3. HP: 33/33 MP: 3/3
  1829 | D:2      | Found a burning altar of Makhleb.
  2320 | D:3      | Reached XP level 4. HP: 41/41 MP: 4/4
  2980 | D:3      | Reached skill level 5 in Fighting
  2980 | D:3      | Reached XP level 5. HP: 14/48 MP: 5/5
  3558 | D:3      | Noticed Sigmund
  3568 | D:3      | Killed Sigmund
  3569 | D:3      | Reached XP level 6. HP: 42/56 MP: 5/7
  3878 | D:4      | Reached ** piety under Lugonu
  4297 | D:4      | Found Wutsetz's Armour Emporium.
  4417 | D:4      | Found Peyleijy's Antique Weapon Shop.
  4426 | D:4      | Found Qixzus's Book Shop.
  4913 | D:5      | Entered Level 5 of the Dungeon
  4996 | D:5      | Noticed an ice beast
  5008 | D:5      | Killed an ice beast
  5009 | D:5      | Reached skill level 6 in Fighting
  5009 | D:5      | Reached skill level 5 in Axes
  5089 | D:5      | Reached XP level 7. HP: 49/63 MP: 8/8
  5630 | D:5      | Noticed Eustachio
  5649 | D:5      | Killed Eustachio
  6170 | D:5      | Noticed Ijyb
  6421 | D:6      | Reached skill level 7 in Fighting
  6518 | D:6      | Reached XP level 8. HP: 72/73 MP: 9/9
  6605 | D:6      | Found a staircase to the Ecumenical Temple.
  6637 | D:6      | Found Geodock's Magic Scroll Emporium.
  6647 | D:6      | Bought a scroll of teleportation for 33 gold pieces
  6812 | D:6      | Found a blossoming altar of Fedhas.
  6908 | D:6      | Found an ancient bone altar of Kikubaaqudgha.
  6909 | D:6      | Found an ornate altar of the Wu Jian Council.
  7151 | D:7      | Found an opulent altar of Gozag.
  7191 | D:7      | Found a sparkling altar of Nemelex Xobeh.
  7191 | D:7      | Found a broken altar of Ashenzari.
  7297 | D:7      | Reached skill level 5 in Armour
  7307 | D:7      | Found a runed translucent door.
  7307 | D:7      | Noticed Twinkles's ghost (novice VSTm)
  7631 | D:7      | Reached skill level 8 in Fighting
  8357 | D:7      | Found a hazy altar of Hepliaklqana.
  8389 | D:7      | Found a shadowy altar of Dithmenos.
  8393 | D:7      | HP: 2/75 [killer bee (2)]
  8394 | D:7      | Succumbed to a killer bee's poison

Illustrated notes

Levels and vault maps discovered:
D:1:      lemuel_arrival_tunnels, layout_loops_corners, minmay_misc_feat_rows
D:2:      layout_basic, overflow_temple_1_default
D:3:      layout_loops_cross, uniq_sigmund
D:4:      layout_basic, serial_glass, glass_columns_b, glass_columns_a,
          minmay_strange_pillars, minmay_strange_pillars, serial_shops,
          nicolae_shop_trees, shop, kennysheep_little_box
D:5:      layout_basic, uniq_ijyb, uniq_eustachio
D:6:      layout_cave_pods, fedhas_altar_2,
          chequers_temple_overflow_statue_of_worship, temple_pool_b,
          serial_shops, shop
D:7:      layout_loops_cross, riverfiend_overflow_shadow_ancestor,
          nicolae_gozag_seed_capital, gammafunk_temple_overflow_wave,
          hellmonk_ghost_happy_afterlife
D:8:      layout_layer_cave, general_overflow_altar, lemuel_blue_sif_altar,
          serial_shops, nicolae_shop_behind_doors, minmay_radiant

Skill      XL: |  1  2  3  4  5  6  7  8 |
---------------+-------------------------+-----
Fighting       | 4 5 6 7 8 |  8.3
Axes           | 3 4 5 6 7 |  7.7
Armour         | 3 4 5 |  5.6
Invocations    | 2 3 4 |  4.4
Dodging        | 2 3 4 |  4.7

Action                   |  1- 3 |  4- 6 |  7- 9 || total
-------------------------+-------+-------+-------++-------
Melee: Hand axe          |    79 |   104 |   183 ||   366
       Headbutt          |     9 |    20 |    33 ||    62
Invok: Depart the Abyss  |     1 |       |       ||     1
       Bend Space        |       |       |     2 ||     2
  Use: Potion            |     2 |       |     2 ||     4
       Scroll            |       |     3 |     6 ||     9
Armor: Leather armour    |    23 |    26 |       ||    49
       Scale mail        |       |     7 |    86 ||    93
Dodge: Dodged            |    47 |    61 |   111 ||   219
